 Dungeon Crawl Stone Soup version 0.29-a0-222-g5b244fca1f (webtiles) character file.

Game seed: 9659523482114846920

532 domi the Magician (level 7, 0/46 HPs)
             Began as a Demonspawn Hedge Wizard on Feb 27, 2022.
             Shot with an arrow by a centaur (2 damage)
             ... on level 5 of the Dungeon.
             The game lasted 00:15:30 (6987 turns).

domi the Magician (Demonspawn Hedge Wizard)         Turns: 6987, Time: 00:15:30

Health: 0/46       AC:  5    Str: 10 (11) XL:     7   Next: 4%
Magic:  0/14       EV: 12    Int: 15 (17) God:
Gold:   266        SH:  0    Dex: 11 (12) Spells: 8/16 levels left

rFire   . . .      SeeInvis .   a - +0 dagger
rCold   . . .      Faith    .   (no shield)
rNeg    . . .      Spirit   +   b - +1 robe
rPois   .          Reflect  .   c - +0 hat
rElec   .          Harm     .   (no cloak)
rCorr   .          Rampage  .   (no gloves)
Will    +....                   (no boots)
Stlth   ++........              h - amulet of guardian spirit {Spirit}
HPRegen 0.15/turn               k - ring of willpower
MPRegen 0.14/turn               (no ring)

@: flying
A: slimy green scales 1, foul stench 1, demonic magic 2
a: no special abilities


You were on level 5 of the Dungeon.
You visited 1 branch of the dungeon, and saw 5 of its levels.
You also visited: Sewer.

You collected 266 gold pieces.

Inventory:

Hand Weapons
 a - a +0 dagger (weapon)
 e - a +0 hunting sling
   (You found it on level 1 of the Dungeon)
Missiles
 i - 87 stones (quivered)
Armour
 b - a +1 robe (worn)
 c - a +0 hat (worn)
Jewellery
 h - an amulet of guardian spirit (around neck) {Spirit}
   (You found it on level 2 of the Dungeon)
 k - a ring of willpower (left hand)
   (You found it on level 2 of the Dungeon)
Scrolls
 m - 2 scrolls of identify {@r1}
 o - a scroll of summoning {unknown}
 p - a scroll of enchant weapon {unknown}
Potions
 d - a potion of degeneration {!q}
 f - 3 potions of attraction {!q}
 g - a potion of brilliance


   Skills:
 - Level 1.7 Dodging
 - Level 1.7 Stealth
 + Level 5.2 Spellcasting
 - Level 5.0 Conjurations
 * Level 2.8 Summonings
 - Level 0.8 Translocations


You had 8 spell levels left.
You knew the following spells:

 Your Spells              Type           Power      Damage    Failure   Level
b - Blink                 Tloc           12%        N/A       17%         2
c - Mephitic Cloud        Conj/Pois/Air  8%         N/A       24%         3
x - Call Imp              Summ           12%        N/A       8%          2
z - Magic Dart            Conj           72%        1d6       1%          1

Your spell library contained the following spells:

 Spells                   Type           Power      Damage    Failure   Level
 Animate Skeleton         Necr           6%         N/A       16%         1
 Slow                     Hex            12%        N/A       16%         1
 Conjure Flame            Conj/Fire      11%        6-21      17%         3
 Confusing Touch          Hex            3%         N/A       43%         3
 Inner Flame              Hex/Fire       3%         N/A       43%         3
 Vampiric Draining        Necr           3%         2d6       43%         3
 Cause Fear               Hex            1%         N/A       85%         4
 Discord                  Hex            1%         N/A       100%        8


Dungeon Overview and Level Annotations

Branches:
Dungeon (5/15)              Sewer (visited)
 Temple: D:4-7

Altars:
Cheibriados

Shops:
D:1 *

Annotations:
D:2 Sigmund


Innate Abilities, Weirdness & Mutations

You are partially covered in slimy green scales. (AC +2)
You may rarely emit foul miasma when damaged in melee.
Spells you cast may paralyse nearby enemies.


Message History

You take 1 damage, and have 43/46 hp.
You now have 8/14 mp.
Aim: a kobold brigand, wielding a +0 short sword and quivering poisoned darts (moderately wounded, 100% to hit)
The magic dart hits the kobold brigand but does no damage.
Malevolent energies surge around you.
You feel sick.
A centaur comes into view.
A kobold comes into view. It is wielding a +0 short sword.
You take 1 damage, and have 42/46 hp.
You feel sick.
The centaur shouts!
The centaur wields a +0 shortbow.
The centaur shoots an arrow.
The arrow closely misses you.
You take 1 damage, and have 41/46 hp.
A beastly little devil appears in a puff of frigid air.
Malevolent energies surge around you.
The kobold brigand suddenly stops moving!
The kobold shouts!
You feel sick.
You are no longer poisoned.
The centaur shoots an arrow.
The arrow hits you.
A kobold comes into view. It is wielding a +0 club.
You take 3 damage, and have 38/46 hp.
You now have 5/14 mp.
The centaur shoots an arrow.
The arrow barely misses your white imp. The arrow hits you.
Your white imp gestures at the centaur.
The puff of frost hits the centaur!
You take 4 damage, and have 34/46 hp.
You now have 4/14 mp.
You aren't carrying any items that you can evoke.
Okay, then.
Okay, then.
The kobold brigand is no longer paralysed.
The centaur unwields a +0 shortbow.
The centaur closely misses your white imp.
The centaur kicks your white imp.
The kobold brigand throws a poisoned dart.
The poisoned dart hits you!
You are poisoned.
Your white imp hits the centaur but does no damage.
You feel very sick.
You take 3 damage, and have 32/46 hp.
You feel sick.
The centaur wields a +0 shortbow.
The centaur shoots an arrow.
The arrow hits you.
The kobold brigand throws a poisoned dart.
The poisoned dart hits your white imp!
Your white imp is poisoned.
You take 6 damage, and have 26/46 hp.
You now have 3/14 mp.
You feel sick.
The centaur shoots an arrow.
The arrow hits you.
You take 6 damage, and have 20/46 hp.
You feel sick.
The kobold brigand throws a poisoned dart.
The poisoned dart hits your white imp!
Your white imp gestures at the kobold brigand.
The puff of frost hits the kobold brigand!
You take 1 damage, and have 19/46 hp.
You feel sick.
Your white imp hits the centaur but does no damage.
Something hits your white imp.
You take 1 damage, and have 18/46 hp.
You feel sick.
You take 1 damage, and have 17/46 hp.
You feel sick.
The centaur shoots an arrow.
The arrow misses you.
The centaur shoots an arrow.
The arrow hits you!
* * * LOW HITPOINT WARNING * * *
You hear a shout!
You take 8 damage, and have 9/46 hp.
You now have 2/14 mp.
You feel better.
The centaur shoots an arrow.
The arrow hits you!
* * * LOW HITPOINT WARNING * * *
You take 2 damage, and have 7/46 hp.
You now have 1/14 mp.
Blink to where?
As you read the scroll of blinking, it crumbles to dust.
It was a potion of heal wounds.
You feel much better.
You regained 23 hp, and now have 30/46 hp.
The centaur shoots an arrow.
The arrow hits you.
You take 3 damage, and have 28/46 hp.
A beastly little devil appears in a puff of frigid air.
Malevolent energies surge around you.
You now have 1/14 mp.
The centaur shoots an arrow.
The arrow hits you!
You take 6 damage, and have 22/46 hp.
The centaur unwields a +0 shortbow.
The centaur hits your white imp.
The centaur closely misses your white imp.
The centaur wields a +0 shortbow.
The centaur shoots an arrow.
The arrow barely misses your white imp. The arrow hits you.
The centaur shoots an arrow.
The arrow barely misses your white imp. The arrow hits you.
* * * LOW HITPOINT WARNING * * *
You take 9 damage, and have 13/46 hp.
The centaur shoots an arrow.
The arrow barely misses your white imp. The arrow hits you!
* * * LOW HITPOINT WARNING * * *
You take 11 damage, and have 2/46 hp.
MASSIVE DAMAGE!!
You now have 0/14 mp.
It was a potion of flight.
You feel very buoyant.
You fly up into the air.
The centaur shoots an arrow.
The arrow hits your white imp!
Your white imp dies!
Your white imp disappears in a puff of smoke!
The centaur shoots an arrow.
The arrow hits you.
You die...

#.#...#...# .#..
#.....#.###.# ..
##...###...###.
#.###.#.....#.## #.
#...#...#...# ##.
.#...#####...#
.#...#...#...#c..#
..#.###.#c....#§###.#
#.##...###...###@..#
#.#.....#.###.#.....#
#.§#...#...#
..#...#...#
...#####...#...#####
..# ##.#...#...#...#
# ##.....#.###.#.
##...###...###. #####
###


You could see a centaur.

Vanquished Creatures
  A scorpion (D:3)
  2 bullfrogs (Sewer)
  An iguana (D:4)
  Natasha (twice) (D:2)
  3 gnolls (D:4)
  A river rat (D:3)
  9 adders
  2 ufetubi (D:4)
  A worm (D:2)
  2 dart slugs
  5 orcs
  14 ball pythons
  12 endoplasms
  11 giant cockroaches
  6 goblins
  6 hobgoblins
  6 quokkas
  3 bats
  12 frilled lizards
  5 kobolds
  10 rats
114 creatures vanquished.

Vanquished Creatures (collateral kills)
  Natasha (D:2)
1 creature vanquished.

Grand Total: 115 creatures vanquished

Notes
Turn   | Place    | Note
-------+----------+-------------------------------------------
     0 | D:1      | domi the Demonspawn Hedge Wizard began the quest for the
                  | Orb.
     0 | D:1      | Reached XP level 1. HP: 13/13 MP: 4/4
   233 | D:1      | Gained mutation: You may rarely emit foul miasma when
                  | damaged in melee. [demonic ancestry]
   233 | D:1      | Reached XP level 2. HP: 19/19 MP: 0/6
   436 | D:1      | Reached skill level 2 in Conjurations
   520 | D:1      | Found a faded altar of an unknown god.
   524 | D:1      | Got Plato's Catalogue of Black Magic
   757 | D:1      | Found Egeylih's Assorted Antiques.
  1381 | D:2      | Gained mutation: You are partially covered in slimy green
                  | scales. (AC +2) [demonic ancestry]
  1381 | D:2      | Reached XP level 3. HP: 10/24 MP: 5/7
  1921 | D:2      | Learned a level 2 spell: Call Imp
  1924 | D:2      | Learned a level 2 spell: Blink
  1928 | D:2      | Learned a level 3 spell: Mephitic Cloud
  1948 | D:2      | Found a snail-covered altar of Cheibriados.
  1989 | D:2      | Noticed Natasha
  2030 | D:2      | HP: 3/24 [Natasha/magic dart (7)]
  2055 | D:2      | Killed Natasha
  2056 | D:2      | Reached skill level 3 in Conjurations
  2056 | D:2      | Gained mutation: Spells you cast may paralyse adjacent
                  | enemies. [demonic ancestry]
  2056 | D:2      | Reached XP level 4. HP: 7/30 MP: 1/9
  2259 | D:2      | Noticed Natasha
  2288 | D:2      | Killed Natasha
  2513 | D:2      | Noticed Natasha
  2525 | D:2      | Killed Natasha
  2526 | D:2      | Reached skill level 4 in Conjurations
  2924 | D:2      | Gained mutation: Spells you cast may paralyse nearby
                  | enemies. [demonic ancestry]
  2924 | D:2      | Reached XP level 5. HP: 35/35 MP: 8/10
  2985 | D:2      | Noticed Sigmund
  3268 | D:3      | Reached skill level 4 in Spellcasting
  3508 | D:3      | Found a glowing drain.
  3514 | Sewer    | Entered a sewer
  4189 | Sewer    | Reached skill level 5 in Conjurations
  4189 | Sewer    | Reached XP level 6. HP: 36/41 MP: 0/12
  5471 | D:3      | HP: 10/61 [scorpion (7)]
  5473 | D:3      | Reached skill level 5 in Spellcasting
  5476 | D:3      | HP: 3/41 [poisoned by a scorpion]
  5478 | D:3      | HP: 1/41 [poisoned by a scorpion]
  6033 | D:4      | Reached skill level 2 in Summonings
  6322 | D:4      | Reached XP level 7. HP: 46/46 MP: 2/14
  6864 | D:5      | Entered Level 5 of the Dungeon
  6970 | D:5      | HP: 9/46 [centaur/arrow (8)]
  6986 | D:5      | HP: 2/46 [centaur/arrow (11)]
  6987 | D:5      | Shot with an arrow by a centaur

Illustrated notes

Levels and vault maps discovered:
D:1:      dpeg_arrival_three_same_balls, layout_basic, serial_shops,
          nicolae_lakefront_shop, shapermc_ecumenical_altar_rom_forum,
          st_stairs_6
D:2:      layout_basic, basic_altar, uniq_natasha, uniq_sigmund
D:3:      layout_loops_corners, gup_sewer_entry_spiral
D:4:      layout_rooms, st_stairs_11, minmay_misc_feat_pillars,
          palyth_stone_intersect
D:5:      nicolae_cairo_tiling, layout_loops_corners, chequers_arboretum,
          uniq_edmund

Skill      XL: |  1  2  3  4  5  6 |
---------------+-------------------+-----
Conjurations   | 2 3 4 5 |  5.0
Spellcasting   | 4 5 |  5.2
Summonings     | 2 |  2.8
Dodging        | |  1.7
Stealth        | |  1.7
Translocations | |  0.8

Action                   |  1- 3 |  4- 6 |  7- 9 || total
-------------------------+-------+-------+-------++-------
Melee: Dagger            |     2 |    54 |       ||    56
       Punch             |       |     2 |       ||     2
 Fire: Hunting sling     |    41 |       |       ||    41
Throw: Stone             |       |     8 |       ||     8
 Cast: Magic Dart        |    51 |   218 |    30 ||   299
       Call Imp          |     3 |       |     5 ||     8
       Mephitic Cloud    |     1 |       |       ||     1
  Use: Scroll            |     4 |     3 |     1 ||     8
       Potion            |       |     4 |     3 ||     7
 Stab: Paralysed         |       |     6 |       ||     6
       Sleeping          |       |     1 |       ||     1
Armor: Robe              |    15 |    15 |     3 ||    33
       Skin              |       |    27 |       ||    27
Dodge: Dodged            |    33 |    34 |     2 ||    69

Table legend: (Time is in decaauts)
 A = Elapsed time spent in this place.
 B = Non-inter-level travel time spent in this place.
 C = Inter-level travel time spent in this place.
 D = Time resting spent in this place.
 E = Time spent auto-exploring this place.
 F = Levels seen in this place.
 G = Mean time per level.
                   A        B        C        D        E       F      G
               +--------+--------+--------+--------+--------+-----+--------+
         Total |   7169 |   7023 |    146 |   2174 |   3748 |   6 | 1194.8 |
       Dungeon |   5999 |   5853 |    146 |   1662 |   3235 |   5 | 1199.8 |
         Sewer |   1169 |   1169 |      0 |    512 |    512 |   1 | 1169.0 |
               +--------+--------+--------+--------+--------+-----+--------+

Top non-repeatable levels by time:
     D:2: 1954 daAuts
     D:3: 1725 daAuts
     D:1: 1276 daAuts
   Sewer: 1169 daAuts
     D:4: 921 daAuts
     D:5: 122 daAuts

Table legend:
 A = Kills in this place as a percentage of kills in entire the game.
 B = Kills by you in this place as a percentage of kills by you in the entire game.
 C = Kills by friends in this place as a percentage of kills by friends in the entire game.
 D = Other kills in this place as a percentage of other kills in the entire game.
 E = Experience gained in this place as a percentage of experience gained in the entire game.
 F = Experience gained in this place divided by the number of levels of this place that you have seen.
                   A       B       C       D       E      F
               +-------+-------+-------+-------+-------+----------------------
         Total | 100.0 | 100.0 | 100.0 | 100.0 | 100.0 | 126.8
       Dungeon |  73.9 |  73.5 | 100.0 | 100.0 |  66.8 | 101.6
         Sewer |  26.1 |  26.5 |   0.0 |   0.0 |  33.2 | 253.0
               +-------+-------+-------+-------+-------+----------------------
